 Dungeon Crawl Stone Soup version 0.30.1-9-gdf580d7c3d (webtiles) character file.

Game seed: 13306686084039783406

21420 Vylnas the Impaler (level 12, -10/115 HPs)
             Began as a Minotaur Berserker on Sept 30, 2023.
             Was a High Priest of Trog.
             Mangled by a cyan very ugly thing (19 damage)
             ... on level 1 of the Vaults.
             The game lasted 00:47:53 (8822 turns).

Vylnas the Impaler (Minotaur Berserker)             Turns: 8822, Time: 00:47:54

Health: -10/115    AC: 33    Str: 25    XL:     12   Next: 54%
Magic:  11/11      EV:  9    Int:  4    God:    Trog [*****.]
Gold:   388        SH:  0    Dex: 12    Spells: 11/11 levels left

rFire   . . .        k - +3 scythe (heavy)
rCold   . . .        (shield currently unavailable)
rNeg    . . .        c - +10 plate armour {ponderous}
rPois   .            (helmet restricted)
rElec   .            A - +1 cloak
rCorr   .            (no gloves)
SInv    .            F - +0 pair of boots
Will    .....        X - amulet of faith Stlth
                     M - ring of flight
HPRegen 0.39/turn    H - +4 ring of protection
MPRegen 0.12/turn

%: faith
@: about to teleport, flying, slow
A: horns 2, retaliatory headbutt
a: Renounce Religion, Berserk, Trog's Hand, Brothers in Arms


You were on level 1 of the Vaults.
You worshipped Trog.
Trog was extremely pleased with you.
You visited 2 branches of the dungeon, and saw 14 of its levels.
You also visited: Bailey.

You collected 615 gold pieces.
You spent 227 gold pieces at shops.

Inventory:

Hand Weapons
 k - a +3 heavy scythe (weapon)
 q - the +2 dagger "Elinaosats" {vamp, rF++ rC+}
   (You found it on level 2 of the Dungeon)

   rF:        It greatly protects you from fire.
   rC:        It protects you from cold.
 w - a +2 whip of pain
 C - a +2 flail of protection
 P - a +3 dagger of distortion
 R - a +6 spear
 T - a +1 antimagic trident
 Y - the +7 quarterstaff "Afaskioh" {freeze, rElec rPois}
   (You found it in a bailey)

   rElec:     It insulates you from electricity.
   rPois:     It protects you from poison.
 Z - a +1 vampiric glaive
Missiles
 h - 25 poisoned darts (quivered)
Armour
 b - the +2 ring mail "Archaeto" {rC++ Dex+3}
   (You found it in a bailey)

   Dex:       It affects your dexterity (+3).
   rC:        It greatly protects you from cold.
 c - a +10 plate armour of ponderousness (worn)
 d - a +0 kite shield
 g - a +1 plate armour
 A - a +1 cloak (worn)
 D - a +0 chain mail of poison resistance
 F - a +0 pair of boots (worn)
 K - +1 steam dragon scales
 Q - a +2 robe of willpower
Jewellery
 a - the ring of the Cockroach {rCorr Int+5 Dex+6 Slay-6}
   (You found it in a bailey)

   [ring of dexterity]

   Int:       It affects your intelligence (+5).
   Dex:       It affects your dexterity (+6).
   Slay:      It affects your accuracy & damage with ranged weapons and melee
   (-6).
   rCorr:     It protects you from acid and corrosion.
 e - an amulet of guardian spirit
 f - an amulet of reflection
 s - a ring of protection from fire
 H - a +4 ring of protection (right hand)
 M - a ring of flight (left hand)
 X - an amulet of faith (around neck)
Wands
 m - a wand of light (6)
 N - a wand of iceblast (10)
Scrolls
 l - 8 scrolls of identify
 r - 2 scrolls of enchant weapon
 u - 6 scrolls of teleportation
 y - 3 scrolls of fog
 L - a scroll of brand weapon
Potions
 i - a potion of ambrosia {unknown}
 n - a potion of degeneration {unknown}
 o - 4 potions of curing {unknown}
 p - 3 potions of haste
 t - 5 potions of might
 v - 3 potions of invisibility {unknown}
 x - a potion of resistance {unknown}
 z - 3 potions of attraction
 B - a potion of berserk rage {unknown}
 G - a potion of flight {unknown}
 I - a potion of brilliance {unknown}
 O - 2 potions of heal wounds {unknown}
 S - a potion of lignification {unknown}
 U - a potion of mutation {unknown}
Miscellaneous
 j - a phial of floods


   Skills:
 + Level 13.0 Fighting
 + Level 17.1 Polearms
 + Level 2.1 Throwing
 + Level 12.5 Armour
 + Level 4.1 Dodging
 + Level 1.5 Stealth
 + Level 1.4 Unarmed Combat
 + Level 1.0 Evocations


You had 11 spell levels left.
You didn't know any spells.
Your spell library contained the following spells:

 Spells                   Type           Power      Damage    Failure   Level
 Freeze                   Ice            0%         1d3       99%         1
 Sandblast                Erth           0%         2d4       99%         1
 Sting                    Tmut/Pois      0%         1d3       99%         1
 Blink                    Tloc           0%         N/A       100%        2
 Lesser Beckoning         Tloc           0%         N/A       100%        2
 Momentum Strike          Conj/Tloc      0%         3d8       100%        2
 Passwall                 Tmut/Erth      0%         N/A       100%        2
 Poisonous Vapours        Pois/Air       0%         N/A       100%        2
 Static Discharge         Conj/Air       0%         2-2/arc   100%        2
 Dazzling Flash           Conj/Hex       0%         N/A       100%        3
 Frozen Ramparts          Ice            0%         1d1       100%        3
 Gell's Gravitas          Tloc           0%         N/A       100%        3
 Hailstorm                Conj/Ice       0%         3d3       100%        3
 Stone Arrow              Conj/Erth      0%         3d7       100%        3
 Teleport Other           Tloc           0%         N/A       100%        3
 Volatile Blastmotes      Fire/Tloc      0%         2d10      100%        3
 Airstrike                Air            0%         2d(0-16)  100%        4
 Iskenderun's Mystic Bla  Conj/Tloc      0%         2d3       100%        4
 Leda's Liquefaction      Hex/Erth       0%         N/A       100%        4
 Olgreb's Toxic Radiance  Pois           0%         N/A       100%        4
 Summon Lightning Spire   Summ/Air       0%         N/A       100%        4
 Lee's Rapid Deconstruct  Erth           0%         3d4*      100%        5
 Starburst                Conj/Fire      0%         6d3       100%        6
 Statue Form              Tmut/Erth      0%         N/A       100%        6


Dungeon Overview and Level Annotations

Branches:
Dungeon (13/15)            Temple (0/1) D:4          Vaults (1/5) D:13
 Bailey (visited)
   Lair: D:8-11         Orc: D:9-12

Altars:
Ashenzari
Cheibriados
Dithmenos
Fedhas
Hepliaklqana
Makhleb
Nemelex Xobeh
Okawaru
Sif Muna
Uskayaw
Vehumet
Xom
Yredelemnul
Zin
The Shining One

Shops:
D:3 !=   D:7 =

Portals:
Ossuary: D:5

Annotations:
D:9 Gastronok


Innate Abilities, Weirdness & Mutations

You have a pair of horns on your head.
You reflexively headbutt those who attack you in melee.


Message History

The cyan very ugly thing engulfs you but does no damage.
You closely miss the cyan very ugly thing.
The cyan very ugly thing is lightly wounded.
You closely miss the cyan very ugly thing.
The cyan very ugly thing is lightly wounded.
The cyan very ugly thing barely misses you.
You impale the cyan very ugly thing!!
The cyan very ugly thing is moderately wounded.
The cyan very ugly thing claws you but does no damage.
The cyan ugly thing basks in the mutagenic energy from its kin and changes!
The cyan very ugly thing barely misses you.
You hit the cyan very ugly thing.
Your headbutt misses the cyan very ugly thing.
The cyan very ugly thing is moderately wounded.
The cyan very ugly thing claws you but does no damage.
The cyan very ugly thing engulfs you but does no damage.
You completely miss the cyan very ugly thing.
The cyan very ugly thing is moderately wounded.
The cyan very ugly thing claws you but does no damage.
The cyan very ugly thing engulfs you but does no damage.
You closely miss the cyan very ugly thing.
You headbutt the cyan very ugly thing, but do no damage.
The cyan very ugly thing is moderately wounded.
The cyan very ugly thing engulfs you. The cyan very ugly thing shocks you!!
You slash the cyan very ugly thing!
Your headbutt misses the cyan very ugly thing.
The cyan very ugly thing is moderately wounded.
The cyan very ugly thing claws you but does no damage.
The cyan very ugly thing engulfs you! The cyan very ugly thing shocks you!!
The brown ugly thing kicks you.
You are splashed with acid!
The cyan very ugly thing claws you but does no damage.
As you read the scroll of teleportation, it crumbles to dust.
You feel strangely unstable. The cyan very ugly thing engulfs you.
The cyan very ugly thing shocks you!!
* * * LOW HITPOINT WARNING * * *
The brown ugly thing kicks you but does no damage.
The cyan very ugly thing claws you.
* * * LOW HITPOINT WARNING * * *
The cyan very ugly thing shocks you!!
You die...

#########+###
#....#.#....#
#....#.#....#
#....#.#....#
#....#.#....
#....'.#...
######.##u###
#.......u@u.#
#...........#
#...........#
#...........#
#...........#
########†####
#...# #.>.#
#...#


You could see 2 very ugly things and a brown ugly thing.

Vanquished Creatures
  A great orb of eyes (Vaults:1)
  3 vault guards (D:13)
  2 two-headed ogres
  A catoblepas (D:13)
  4 lindwurms (Vaults:1)
  A deep elf pyromancer (D:13)
  A manticore (D:11)
  Psyche (D:8)
  A gargoyle (Bailey)
  Maggie (D:7)
  3 kobold demonologists
  3 trolls
  Sigmund (D:2)
  A wyvern (D:11)
  2 wraiths
  19 yaks
  2 vampires
  3 steam dragons
  3 vampire mosquitoes (D:11)
  Edmund (D:6)
  2 water moccasins
  3 orc warriors
  2 ice beasts
  2 ogres
  2 centaurs
  4 kobold brigands
  5 bullfrogs
  2 scorpions
  A gnoll sergeant (D:9)
  5 wights (D:8)
  5 killer bees (D:9)
  5 howler monkeys
  6 vampire bats (Bailey)
  8 wolf zombies (Bailey)
  A lava snake (D:7)
  3 hounds
  5 orc priests
  A gnoll bouda (D:7)
  2 jellies
  5 iguanas
  3 orc wizards
  17 gnolls
  3 adders
  A shadow imp (D:5)
  A white imp (D:8)
  3 dart slugs
  44 orcs
  7 ball pythons
  5 bats
  5 endoplasms
  4 giant cockroaches
  8 goblins
  4 hobgoblins
  3 jackals (D:5)
  5 quokkas
  3 frilled lizards
  10 kobolds
  21 orc zombies (Bailey)
  6 rats
276 creatures vanquished.

Vanquished Creatures (collateral kills)
  5 vault guards (D:13)
  A boulder beetle (D:11)
  A vampire mosquito (D:11)
  An orc warrior (D:11)
  4 orcs (D:11)
12 creatures vanquished.

Vanquished Creatures (others)
  An unseen horror (D:11)
1 creature vanquished.

Grand Total: 289 creatures vanquished

Notes
Turn   | Place    | Note
-------+----------+-------------------------------------------
     0 | D:1      | Vylnas the Minotaur Berserker began the quest for the Orb.
     0 | D:1      | Reached XP level 1. HP: 19/19 MP: 0/0
   288 | D:1      | Reached XP level 2. HP: 25/27 MP: 1/1
   364 | D:1      | Reached skill level 4 in Polearms
   608 | D:2      | Noticed Sigmund
   610 | D:2      | Killed Sigmund
   611 | D:2      | Reached skill level 5 in Fighting
   611 | D:2      | Reached skill level 5 in Polearms
   611 | D:2      | Reached XP level 3. HP: 36/36 MP: 2/2
   611 | D:2      | Reached XP level 4. HP: 42/42 MP: 3/3
   611 | D:2      | Reached XP level 5. HP: 48/48 MP: 4/4
  1034 | D:2      | Reached ** piety under Trog
  1086 | D:2      | Found a shimmering altar of Xom.
  1121 | D:2      | Identified the +2 dagger "Elinaosats" {vamp, rF++ rC+}
  1495 | D:3      | Found Pire's Jewellery Shop.
  1535 | D:3      | Found a shimmering altar of Xom.
  1871 | D:3      | Found a burning altar of Makhleb.
  1873 | D:3      | Noticed a cacodemon
  1877 | D:3      | Noticed a smoke demon
  1877 | D:3      | Noticed an orange demon
  1951 | D:3      | Found Hoenkaokk's Distillery.
  2160 | D:4      | Found a staircase to the Ecumenical Temple.
  2163 | D:4      | Reached skill level 6 in Polearms
  2163 | D:4      | Reached XP level 6. HP: 57/57 MP: 5/5
  2191 | D:4      | Found a shadowy altar of Dithmenos.
  2305 | D:4      | Reached skill level 7 in Polearms
  2318 | D:4      | Found a hide-covered altar of Uskayaw.
  2384 | D:4      | Found an iron altar of Okawaru.
  2384 | D:4      | Found a shimmering blue altar of Sif Muna.
  2384 | D:4      | Found a glowing silver altar of Zin.
  2387 | D:4      | Reached XP level 7. HP: 62/62 MP: 6/6
  2493 | D:4      | Reached skill level 1 in Throwing
  2517 | D:4      | Reached *** piety under Trog
  2720 | D:5      | Entered Level 5 of the Dungeon
  2732 | D:5      | Reached skill level 8 in Polearms
  2799 | D:5      | Found a snail-covered altar of Cheibriados.
  2823 | D:5      | Found a sand-covered staircase.
  2957 | D:5      | Noticed a steam dragon
  2957 | D:5      | Noticed a steam dragon
  2965 | D:5      | Killed a steam dragon
  2966 | D:5      | Reached skill level 9 in Polearms
  2966 | D:5      | Reached XP level 8. HP: 71/71 MP: 7/7
  2980 | D:5      | You fall into a shaft and drop 1 floor!
  3053 | D:6      | Reached skill level 5 in Armour
  3320 | D:6      | Noticed Edmund
  3346 | D:6      | Killed Edmund
  3347 | D:6      | Reached skill level 10 in Polearms
  3875 | D:6      | Found a broken altar of Ashenzari.
  4135 | D:7      | Found Vuxzorie's Jewellery Boutique.
  4184 | D:7      | Noticed Maggie
  4192 | D:7      | Killed Maggie
  4193 | D:7      | Reached XP level 9. HP: 79/80 MP: 8/8
  4283 | D:7      | Found a sparkling altar of Nemelex Xobeh.
  4283 | D:7      | Found a basalt altar of Yredelemnul.
  4284 | D:7      | Found a blossoming altar of Fedhas.
  4290 | D:7      | Reached skill level 11 in Polearms
  4477 | D:7      | Found a radiant altar of Vehumet.
  4602 | D:7      | Bought a ring of flight for 227 gold pieces
  5003 | D:8      | Noticed Psyche
  5012 | D:8      | Killed Psyche
  5048 | D:8      | Reached skill level 12 in Polearms
  5116 | D:8      | Reached skill level 1 in Stealth
  5134 | D:8      | Reached XP level 10. HP: 86/90 MP: 9/9
  5166 | D:8      | Reached **** piety under Trog
  5298 | D:8      | Identified the +0 buckler of Loss {Fly rElec Int-2}
  5383 | D:8      | Found a hazy altar of Hepliaklqana.
  5389 | D:8      | Reached skill level 13 in Polearms
  5521 | D:9      | Reached skill level 1 in Unarmed Combat
  5677 | D:9      | Noticed a two-headed ogre
  5678 | D:9      | Found a glowing golden altar of the Shining One.
  5684 | D:9      | Killed a two-headed ogre
  5802 | D:9      | Found a flagged portal.
  5949 | Bailey   | Entered a bailey
  6032 | Bailey   | Identified the +7 quarterstaff "Afaskioh" {freeze, rElec
                  | rPois}
  6059 | Bailey   | Reached skill level 14 in Polearms
  6059 | Bailey   | Reached ***** piety under Trog
  6296 | Bailey   | Noticed a gargoyle
  6302 | Bailey   | Killed a gargoyle
  6338 | Bailey   | Identified the ring of the Cockroach {rCorr Int+5 Dex+6
                  | Slay-6}
  6345 | Bailey   | Identified the +2 ring mail "Archaeto" {rC++ Dex+3}
  6676 | D:9      | Reached skill level 10 in Fighting
  6680 | D:9      | Noticed Gastronok
  6682 | D:10     | Entered Level 10 of the Dungeon
  6769 | D:10     | Reached XP level 11. HP: 100/100 MP: 10/10
  6770 | D:10     | Received a gift from Trog
  6828 | D:11     | Noticed a two-headed ogre
  6846 | D:10     | Reached skill level 15 in Polearms
  6846 | D:10     | Killed a two-headed ogre
  7120 | D:11     | Reached skill level 10 in Armour
  7141 | D:11     | Noticed a boulder beetle
  7147 | D:11     | Killed a boulder beetle
  7191 | D:11     | Reached skill level 16 in Polearms
  7978 | D:12     | You are sucked into a shaft and drop 1 floor!
  7983 | D:13     | Noticed a catoblepas
  7995 | D:13     | Killed a catoblepas
  8012 | D:13     | Noticed a deep elf pyromancer
  8022 | D:13     | Killed a deep elf pyromancer
  8279 | D:13     | Found a gate to the Vaults.
  8279 | D:13     | Noticed a vault guard
  8279 | D:13     | Noticed a vault guard
  8279 | D:13     | Noticed a vault guard
  8279 | D:13     | Noticed a vault guard
  8279 | D:13     | Noticed a vault guard
  8279 | D:13     | Noticed a vault guard
  8279 | D:13     | Noticed a vault guard
  8286 | D:13     | Noticed a vault guard
  8291 | D:13     | Killed a vault guard
  8299 | D:13     | Killed a vault guard
  8300 | D:13     | Reached XP level 12. HP: 107/112 MP: 11/11
  8302 | D:13     | Killed a vault guard
  8304 | D:13     | Killed a vault guard
  8306 | D:13     | Killed a vault guard
  8310 | D:13     | Killed a vault guard
  8314 | D:13     | Killed a vault guard
  8319 | D:13     | Killed a vault guard
  8339 | Vaults:1 | Entered Level 1 of the Vaults
  8576 | Vaults:1 | Noticed a great orb of eyes
  8581 | Vaults:1 | Killed a great orb of eyes
  8582 | Vaults:1 | Reached skill level 17 in Polearms
  8660 | Vaults:1 | Reached skill level 1 in Evocations
  8813 | Vaults:1 | Noticed a cyan very ugly thing
  8813 | Vaults:1 | Noticed a cyan very ugly thing
  8822 | Vaults:1 | Mangled by a cyan very ugly thing

Illustrated notes

Levels and vault maps discovered:
D:1:      heliophobic_arrival_dark_side_of_the_moon, layout_loops_ring
D:2:      layout_loops_corners, basic_altar, uniq_sigmund
D:3:      layout_loops_cross, makhleb_altar_promises_db,
          mainiacjoe_overflow_paths, serial_shops, nicolae_shop_tiny_glass,
          nicolae_square_shop
D:4:      layout_rooms, mainiacjoe_overflow_alcove_1,
          gammafunk_temple_overflow_forgotten, lemuel_crystal_altar,
          temple_doors_e
D:5:      kennysheep_steamy, layout_cave_pools, kennysheep_slug_shrine,
          marbit_many_paths, serial_park, serial_park_tiny_2,
          serial_park_tiny_2, serial_park_tiny_1, serial_park_square1
          [serial_park_minivault_5x5_7], lightli_ossuary_entry_decrepit_ruins
D:6:      layout_loops_corners, lemuel_round_altar, uniq_edmund
D:7:      layout_basic, chequers_temple_overflow_statue_of_worship,
          nicolae_vehumet_altar_sigil, serial_shops,
          nicolae_inconvenience_store, uniq_maggie
D:8:      layout_rooms, mainiacjoe_overflow_alcove_4, uniq_psyche
D:9:      layout_basic, tso_oasis_becter, lightli_bailey_entry_fortress,
          uniq_gastronok
D:10:     layout_small_grid, dpeg_oklobed_lair, david_orc_4
D:11:     layout_small_grid, special_room [special_room_orc]
D:12:     layout_loops_corners, minmay_misc_feat_alley
D:13:     layout_long_grid, erik_vaults_2, minmay_librarian
Vaults:1: v_alt_pattern_3, nicolae_vaults_closet_pinwheel_6,
          vaults_mumra_minichess_inversion, nicolae_vaults_network_quinsquares
          [nicolae_vaults_network_quincunx_subvault,
          nicolae_vaults_network_quincunx_subvault,
          nicolae_vaults_network_quincunx_subvault,
          nicolae_vaults_network_quincunx_subvault],
          nicolae_vaults_double_plus_2, ontoclasm_vaults_spin,
          nicolae_vaults_wine_cellar, nicolae_vaults_tetromino_L_2, v_misc_12,
          layout_vaults_omnigrid

Skill      XL: |  1  2  3  4  5  6  7  8  9 10 11 12 |
---------------+-------------------------------------+-----
Fighting       | 4 5 6 7 8 10 12 13 | 13.0
Polearms       | 5 6 7 9 10 12 14 16 17 | 17.1
Armour         | 3 4 6 8 9 11 12 | 12.5
Throwing       | 1 2 |  2.1
Stealth        | 1 |  1.5
Unarmed Combat | 1 |  1.4
Dodging        | 3 4 |  4.1
Evocations     | 1 |  1.0

Action                     |  1- 3 |  4- 6 |  7- 9 | 10-12 || total
---------------------------+-------+-------+-------+-------++-------
  Melee: Spear             |    51 |    11 |       |       ||    62
         Headbutt          |     6 |     7 |    43 |    45 ||   101
         Halberd           |       |    70 |   227 |   348 ||   645
         Unarmed           |       |       |     3 |       ||     3
  Throw: Dart              |       |     8 |     4 |     3 ||    15
 Invoke: Berserk           |     1 |     1 |     3 |     5 ||    10
         Trog's Hand       |       |       |     1 |     1 ||     2
         Brothers in Arms  |       |       |       |     2 ||     2
  Evoke: Phial of floods   |       |       |       |     1 ||     1
    Use: Scroll            |     3 |     4 |     3 |     8 ||    18
         Potion            |       |       |       |     5 ||     5
 Armour: Leather armour    |    16 |       |       |       ||    16
         Plate armour      |    15 |    32 |    75 |   433 ||   555
         Skin              |       |       |     1 |       ||     1
  Dodge: Dodged            |    16 |    15 |    47 |   202 ||   280
